 Dungeon Crawl Stone Soup version 0.27-a0-1158-gaa87e14f67 (webtiles) character file.

Game seed: 17475561927928675840

13 pokeman the Magician (level 2, -4/16 HPs)
             Began as a Deep Elf Hedge Wizard on May 16, 2021.
             Slain by a gnoll
             ... wielding a +0 spear
              (7 damage)
             ... on level 1 of the Dungeon.
             The game lasted 00:02:02 (724 turns).

pokeman the Magician (Deep Elf Hedge Wizard)         Turns: 724, Time: 00:02:02

Health: -4/16      AC:  2    Str:  7    XL:     2   Next: 24%
Magic:  7/9        EV: 12    Int: 18    God:
Gold:   20         SH:  0    Dex: 14    Spells: 9/10 levels left

rFire    . . .     SeeInvis .   a - +0 dagger
rCold    . . .     Faith    .   (no shield)
rNeg     . . .     Spirit   .   b - +0 robe
rPois    .         Reflect  .   c - +0 hat
rElec    .         Harm     .   (no cloak)
rCorr    .         Rampage  .   (no gloves)
Will     .....                  (no boots)
Stlth    ++........             (no amulet)
HPRegen  0.05/turn              (no ring)
MPRegen  0.11/turn              (no ring)

@: no status effects
A: no striking features
a: no special abilities


You were on level 1 of the Dungeon.
You visited 1 branch of the dungeon, and saw 1 of its levels.

You collected 20 gold pieces.

Inventory:

Hand Weapons
 a - a +0 dagger (weapon)
Armour
 b - a +0 robe (worn)
 c - a +0 hat (worn)
Potions
 d - a potion of heal wounds {unknown}


   Skills:
 + Level 0.4 Fighting
 + Level 0.4 Armour
 - Level 2.4 Dodging
 - Level 2.4 Stealth
 * Level 4.8 Spellcasting
 + Level 1.4 Conjurations
 - Level 1.1 Summonings
 - Level 1.1 Translocations


You had 9 spell levels left.
You knew the following spells:

 Your Spells              Type           Power      Damage    Failure   Level
a - Magic Dart            Conj           36%        1d4       8%          1

Your spell library contained the following spells:

 Spells                   Type           Power      Damage    Failure   Level
 Blink                    Tloc           N/A        N/A       13%         2
 Call Imp                 Summ           8%         N/A       13%         2
 Slow                     Hex            4%         N/A       21%         2
 Conjure Flame            Conj/Fire      6%         6-21      30%         3
 Mephitic Cloud           Conj/Pois/Air  6%         N/A       32%         3


Dungeon Overview and Level Annotations

Branches:
Dungeon (1/15)

Altars:


Message History

The endoplasm is heavily wounded.
The endoplasm freezes you.
You are frozen.
You open the door.
The endoplasm hits you but does no damage.
There is an open door here.
A rat and a jackal come into view.
Found a short sword and a scroll labelled GIR COMEME.
You hit the endoplasm.
You kill the endoplasm!
The gnoll hits you from afar with a +0 spear.
A goblin comes into view. It is wielding a +0 club.
Found a mace and 17 stones.
The jackal bites you. The jackal barely misses you. The jackal bites you.
You barely miss the jackal.
The jackal bites you but does no damage.
The jackal barely misses you.
You closely miss the jackal. The jackal closely misses you.
You hit the jackal but do no damage. The jackal closely misses you.
Casting: Magic Dart (safe; 8% risk of failure)
Confirm with . or Enter, or press ? or * to list all spells.
Aiming: Magic Dart (safe; 8% risk of failure)
Press: ? - help, Shift-Dir - straight line, f - jackal
Aim: a jackal (100% to hit)
The magic dart hits the jackal.
The jackal is moderately wounded.
The jackal closely misses you. The jackal barely misses you.
Casting: Magic Dart (safe; 8% risk of failure)
Confirm with . or Enter, or press ? or * to list all spells.
Aiming: Magic Dart (safe; 8% risk of failure)
Press: ? - help, Shift-Dir - straight line, f/p - jackal
Aim: a jackal (moderately wounded, 100% to hit)
The magic dart hits the jackal.
The jackal is severely wounded.
The jackal bites you.
* * * LOW HITPOINT WARNING * * *
The gnoll hits you from afar with a +0 spear!
You die...

..........####...#.####
..........#...........
...÷.÷....#.........##
......##............+
#########.#..(..>...#
####
.........#....######
#... .#######rg.....#
#.## #h#........ #.#
#@#############.#
#...............#
##.............##
##......#......##
#......###......#
##.....## ##.....##
#......#####......#
##....##.....##....#
#....###########....


You could see a gnoll, a jackal and a rat.

Vanquished Creatures
  An endoplasm (D:1)
  3 goblins (D:1)
  2 jackals (D:1)
  A ball python (D:1)
  A bat (D:1)
  A frilled lizard (D:1)
  4 rats (D:1)
13 creatures vanquished.

Vanquished Creatures (others)
  4 toadstools (D:1)
4 creatures vanquished.

Grand Total: 17 creatures vanquished

Notes
Turn   | Place    | Note
-------+----------+-------------------------------------------
     0 | D:1      | pokeman the Deep Elf Hedge Wizard began the quest for the
                  | Orb.
     0 | D:1      | Reached XP level 1. HP: 10/10 MP: 7/7
   364 | D:1      | Reached XP level 2. HP: 5/15 MP: 2/9
   724 | D:1      | Slain by a gnoll

Illustrated notes

Levels and vault maps discovered:
D:1:      minmay_arrival_pointy, layout_basic, ebering_ecumenical_altar_mist,
          minmay_gold_behind_fungi, item_on_display_a

Action                   || total
-------------------------++-------
Melee: Dagger            ||    14
 Cast: Magic Dart        ||    31
Armor: Robe              ||     5
Dodge: Dodged            ||    12

Table legend: (Time is in decaauts)
 A = Elapsed time spent in this place.
 B = Non-inter-level travel time spent in this place.
 C = Inter-level travel time spent in this place.
 D = Time resting spent in this place.
 E = Time spent auto-exploring this place.
 F = Levels seen in this place.
 G = Mean time per level.
                   A        B        C        D        E       F      G
               +--------+--------+--------+--------+--------+-----+--------+
         Total |    724 |    724 |      0 |      0 |    622 |   1 |  724.0 |
       Dungeon |    724 |    724 |      0 |      0 |    622 |   1 |  724.0 |
               +--------+--------+--------+--------+--------+-----+--------+

Top non-repeatable levels by time:
     D:1: 724 daAuts
